 Dungeon Crawl Stone Soup version 0.29.1-2-gbd0b4ee654 (webtiles) character file.

Game seed: 12847825119890385517

1517 mcbry74 the Cleaver (level 8, -6/71 HPs)
             Began as a Minotaur Berserker on Nov 23, 2022.
             Was a Priest of Trog.
             Mangled by an orc warlord
             ... wielding a +3 battleaxe
              (19 damage)
             ... in a bailey.
             The game lasted 00:14:51 (4342 turns).

mcbry74 the Cleaver (Minotaur Berserker)            Turns: 4342, Time: 00:14:52

Health: -6/71      AC: 11    Str: 22    XL:     8   Next: 54%
Magic:  7/7        EV: 15    Int:  6    God:    Trog [***...]
Gold:   338        SH:  0    Dex: 10    Spells: 7/7 levels left

rFire   . . .      SeeInvis +   L - +9 flail of Xooppunlity {vamp, rF- rCorr SInv}
rCold   . . .      Faith    .   (no shield)
rNeg    . . .      Spirit   .   l - +0 scale mail
rPois   .          Reflect  .   (helmet restricted)
rElec   .          Harm     .   (no cloak)
rCorr   +          Rampage  .   v - +0 pair of gloves
Will    ++...                   y - +1 pair of boots
Stlth   ..........              k - amulet of regeneration
HPRegen 2.01/turn               p - +4 ring of evasion
MPRegen 0.10/turn               B - ring of protection from fire

@: about to teleport, strong-willed, on berserk cooldown, regenerating, slowed,
very slow
A: horns 2, retaliatory headbutt
a: Renounce Religion, Berserk, Trog's Hand


You were in a bailey.
You worshipped Trog.
Trog was most pleased with you.
You visited 1 branch of the dungeon, and saw 7 of its levels.
You also visited: Bailey.

You collected 338 gold pieces.

Inventory:

Hand Weapons
 a - a +0 hand axe
 e - a +1 hand axe of flaming
 j - a +0 war axe
 n - a +3 broad axe
 q - a +0 broad axe
 L - the +9 flail of Xooppunlity (weapon) {vamp, rF- rCorr SInv}
   (You found it on level 9 of the Dungeon)

   It occasionally heals its wielder for a portion of the damage dealt when it
   wounds a living foe.
   rF:        It makes you vulnerable to fire.
   SInv:      It lets you see invisible.
   rCorr:     It protects you from acid and corrosion.
Missiles
 h - 58 stones (quivered)
 r - 3 poisoned darts
 E - 20 boomerangs
 G - a throwing net
Armour
 b - a +0 animal skin
 d - a +0 ring mail
 l - a +0 scale mail (worn)
 v - a +0 pair of gloves (worn)
 y - a +1 pair of boots (worn)
Jewellery
 k - an amulet of regeneration (around neck)
 p - a +4 ring of evasion (left hand)
 A - an amulet of guardian spirit
 B - a ring of protection from fire (right hand)
 I - a ring of see invisible
Wands
 C - a wand of mindburst (5)
 D - a wand of digging (5)
 F - a wand of flame (14)
Scrolls
 g - 5 scrolls of teleportation
 t - 4 scrolls of fog
 x - 4 scrolls of enchant armour
 z - a scroll of enchant weapon {unknown}
 H - a scroll of immolation {unknown}
 J - a scroll of acquirement
 M - a scroll of fear {unknown}
Potions
 c - 4 potions of resistance
 f - 3 potions of curing {unknown}
 i - 2 potions of brilliance {unknown}
 m - a potion of degeneration {unknown}
 o - 6 potions of heal wounds
 s - 4 potions of might {unknown}
 u - 2 potions of haste {unknown}
 w - a potion of lignification {unknown}
 K - a potion of ambrosia {unknown}


   Skills:
 + Level 6.6 Fighting
 * Level 8.6 Axes
 + Level 2.5 Throwing
 + Level 6.0 Armour
 + Level 5.4 Dodging


You had 7 spell levels left.
You didn't know any spells.
Your spell library contained the following spells:

 Spells                   Type           Power      Damage    Failure   Level
 Freeze                   Ice            0%         1d3       77%         1
 Magic Dart               Conj           0%         1d3       77%         1
 Blink                    Tloc           0%         N/A       88%         2
 Searing Ray              Conj           0%         2d4       88%         2
 Frozen Ramparts          Ice            0%         1d1       98%         3
 Ozocubu's Armour         Ice            0%         N/A       98%         3
 Animate Dead             Necr           0%         N/A       100%        4
 Fulminant Prism          Conj/Hex       0%         3d6       100%        4
 Hailstorm                Conj/Ice       0%         3d3       100%        4
 Manifold Assault         Tloc           0%         N/A       100%        5
 Metabolic Englaciation   Hex/Ice        0%         N/A       100%        5
 Simulacrum               Ice/Necr       0%         N/A       100%        6
 Haunt                    Necr/Summ      0%         N/A       100%        7
 Storm Form               Tmut/Air       0%         N/A       100%        7
 Infestation              Necr           0%         N/A       100%        8


Dungeon Overview and Level Annotations

Branches:
Dungeon (9/15)             Bailey (1/1)
 Temple: D:4-7         Lair: D:8-11         Orc: D:9-12

Altars:
Cheibriados


Innate Abilities, Weirdness & Mutations

You have a pair of horns on your head.
You reflexively headbutt those who attack you in melee.


Message History

You sock the orc warlord!
You feel better.
The orc warlord is lightly wounded.
The orc warlord hits you with a +3 battleaxe!!
You sock the orc warlord!
You feel better.
You headbutt the orc warlord.
The orc warlord is moderately wounded.
The gnoll closely misses you. The orc warlord barely misses you.
You thump the orc warlord!
The orc warlord is heavily wounded.
The gnoll closely misses you.
You bludgeon the orc warlord!!
The orc warlord is severely wounded.
The orc warlord hits you with a +3 battleaxe!
The gnoll completely misses you.
You hit the orc warlord.
You feel better.
The orc warlord is severely wounded.
The orc warlord misses you.
You barely miss the orc warlord.
The orc warlord is severely wounded.
The gnoll misses you.
The orc warlord hits you with a +3 battleaxe!!
You hit the orc warlord but do no damage.
You headbutt the orc warlord!
The orc warlord is severely wounded.
The gnoll barely misses you.
You closely miss the orc warlord.
The orc warlord is severely wounded.
The orc warlord hits you with a +3 battleaxe!!
* * * LOW HITPOINT WARNING * * *
You closely miss the orc warlord.
The orc warlord is severely wounded.
You are no longer berserk.
You are exhausted.
You feel yourself slow down. The gnoll hits you but does no damage.
The orc warlord hits you with a +3 battleaxe!
* * * LOW HITPOINT WARNING * * *
As you read the scroll of teleportation, it crumbles to dust.
You feel strangely unstable. The gnoll hits you with a +0 hand axe.
* * * LOW HITPOINT WARNING * * *
The orc warlord hits you with a +3 battleaxe!!
You die...

##.......##~~~~~##...8
##..8..8...#~~~~~#.....
#..........#~~†~~#.....
#.........['.....'....8
#...8...)).#########†..
##......#### ~~##..
##.....#~~#~. .[~#..
##....#~..... .!~#..
#..@##~8.8.. 8.8##..
#..go~~..... ...#...
#...'~~....∩ ..g#...
#...'~~..... .o#...
#...##~8.8.. .8##..
##.)..#~.... .?~#..
##.....#~~#~. .} #..
##......####~~ ~ ##..
#...8......#########.†.


You could see an orc warlord and a gnoll.

Vanquished Creatures
  Grinder (D:4)
  Sigmund (D:3)
  4 orc warriors (Bailey)
  A bullfrog (D:6)
  A scorpion (D:5)
  6 killer bees (D:5)
  A hound (D:5)
  Ijyb (D:4)
  Natasha (twice) (D:3)
  An iguana (D:4)
  6 gnolls
  7 adders
  An ufetubus (D:5)
  A worm (D:3)
  2 dart slugs
  13 orcs
  4 ball pythons
  4 bats
  5 endoplasms
  A giant cockroach (D:3)
  7 goblins
  10 hobgoblins
  12 jackals
  12 kobolds
  5 quokkas
  A frilled lizard (D:2)
  5 rats (D:3)
115 creatures vanquished.

Vanquished Creatures (collateral kills)
  3 gnolls (D:9)
  An orc (D:9)
  A goblin (D:9)
5 creatures vanquished.

Grand Total: 120 creatures vanquished

Notes
Turn   | Place    | Note
-------+----------+-------------------------------------------
     0 | D:1      | mcbry74 the Minotaur Berserker began the quest for the Orb.
     0 | D:1      | Reached XP level 1. HP: 19/19 MP: 0/0
   224 | D:1      | Reached XP level 2. HP: 26/27 MP: 1/1
   227 | D:1      | Reached skill level 4 in Axes
   243 | D:1      | Noticed a floating eye
   245 | D:1      | Noticed a floating eye
   246 | D:1      | Found a faded altar of an unknown god.
   666 | D:1      | Noticed an eye of devastation
   669 | D:1      | Noticed a floating eye
   928 | D:2      | Found a snail-covered altar of Cheibriados.
  1428 | D:3      | Noticed Sigmund
  1432 | D:3      | Reached XP level 3. HP: 33/33 MP: 2/2
  1436 | D:3      | Killed Sigmund
  1437 | D:3      | Reached skill level 5 in Axes
  1437 | D:3      | Reached XP level 4. HP: 41/41 MP: 3/3
  1437 | D:3      | Reached XP level 5. HP: 47/47 MP: 4/4
  1607 | D:3      | Reached ** piety under Trog
  2135 | D:3      | Noticed Natasha
  2141 | D:3      | Killed Natasha
  2292 | D:3      | Noticed Natasha
  2297 | D:3      | Killed Natasha
  2298 | D:3      | Reached XP level 6. HP: 49/55 MP: 5/5
  2600 | D:4      | Noticed Ijyb
  2604 | D:4      | Killed Ijyb
  2605 | D:4      | Reached skill level 6 in Axes
  2677 | D:4      | Reached skill level 5 in Fighting
  2806 | D:4      | Reached *** piety under Trog
  2876 | D:4      | Noticed Grinder
  2892 | D:4      | Paralysed by Grinder for 4 turns
  2898 | D:4      | Killed Grinder
  2899 | D:4      | Reached XP level 7. HP: 14/61 MP: 6/6
  3293 | D:5      | Entered Level 5 of the Dungeon
  3301 | D:5      | Reached skill level 7 in Axes
  3424 | D:5      | Reached skill level 5 in Armour
  3430 | D:5      | Reached skill level 1 in Throwing
  3580 | D:5      | Reached XP level 8. HP: 70/70 MP: 7/7
  4002 | D:6      | You fall into a shaft and drop 3 floors!
  4005 | D:9      | Identified the +9 flail of Xooppunlity {vamp, rF- rCorr
                  | SInv}
  4054 | D:9      | Reached skill level 8 in Axes
  4054 | D:9      | Reached skill level 5 in Dodging
  4056 | D:9      | Found a flagged portal.
  4064 | Bailey   | Entered a bailey
  4073 | Bailey   | Noticed an orc warlord
  4208 | Bailey   | Found a runed translucent gate.
  4210 | Bailey   | Found a runed translucent gate.
  4212 | Bailey   | Found a runed translucent gate.
  4342 | Bailey   | Mangled by an orc warlord

Illustrated notes

Levels and vault maps discovered:
D:1:      arrival_zaba_pyramid, layout_basic,
          hellmonk_ecumenical_altar_watching_god
D:2:      layout_loops_ring, basic_altar
D:3:      minmay_recursive_quarters, layout_rooms, serial_co_window_serial,
          co_window_corner_a, co_window_paths_b, co_window_corner_a,
          co_window_corner_a, co_window_of_opportunity_a, co_window_corner_b,
          co_window_2corner, co_window_corner_b, co_window_unsneaky_path_a,
          co_window_corner_b, co_window_corner_cb, glass_columns_c,
          uniq_natasha, uniq_sigmund
D:4:      layout_loops_ring, st_stairs_10, grunt_tough_drop, uniq_grinder,
          uniq_ijyb
D:5:      nicolae_BIG_FREAKIN_CUBE, layout_cave_pools
D:6:      layout_gridville, supply_closet_lemuel, uniq_eustachio
D:9:      layout_basic, lightli_bailey_entry_fortress, uniq_gastronok
Bailey:   bailey_axe_bossmonster_kennysheep, bailey

Skill      XL: |  1  2  3  4  5  6  7  8 |
---------------+-------------------------+-----
Axes           | 4 5 6 7 8 |  8.6
Fighting       | 4 5 6 |  6.6
Armour         | 3 4 5 6 |  6.0
Dodging        | 3 4 5 |  5.4
Throwing       | 1 2 |  2.5

Action                   |  1- 3 |  4- 6 |  7- 9 || total
-------------------------+-------+-------+-------++-------
Melee: Hand axe          |    38 |    91 |    61 ||   190
       Punch             |     1 |       |     1 ||     2
       Headbutt          |     4 |    17 |    21 ||    42
       Flail             |       |       |    48 ||    48
Throw: Stone             |       |       |     9 ||     9
       Boomerang         |       |       |     4 ||     4
       Dart              |       |       |     3 ||     3
Invok: Berserk           |     1 |       |     1 ||     2
       Trog's Hand       |       |       |     2 ||     2
  Use: Scroll            |     1 |     1 |     7 ||     9
Armor: Ring mail         |    22 |       |       ||    22
       Scale mail        |       |    23 |    30 ||    53
Dodge: Dodged            |    17 |    45 |    94 ||   156
